[Event "Titled Tuesday Blitz December 27 Late 2022"]
[White "Pershin, Denis"]
[Black "Novikov, Evgenij"]
[WhiteFideId "24165506"]
[BlackFideId "4125380"]
[WhiteElo "2366"]
[BlackElo "2276"]
[Result "1-0"]
[Round "05"]
[TimeControl "180+2"]
[Date "2022.12.27"]
[WhiteClock "0:01:31"]
[BlackClock "0:00:05"]

1. d4 d6 2. e4 c6 3. f4 Qc7 4. Nf3 Bg4 5. Bd3 Nd7 6. h3 Bxf3 7. Qxf3 e5 8. c3 Ngf6 9. Na3 b5 10. Nc2 a6 11. O-O Be7 12. Kh1 h5 13. Ne3 g6 14. Bd2 c5 15. fxe5 dxe5 16. Nd5 Qd6 17. Nxe7 Kxe7 18. Bg5 c4 19. Bc2 a5 20. Rad1 Ra6 21. dxe5 Qxe5 22. Rxd7+ Kxd7 23. Bxf6 Rxf6 24. Qxf6 Qxf6 25. Rxf6 Ke7 26. Rb6 Rd8 27. Rxb5 Rd2 28. Ba4 Re2 29. e5 Ke6 30. Rxa5 Rxb2 31. Bb5 Kd5 32. Be8+ Ke6 33. Rc5 Rxa2 34. Bb5 Ra1+ 35. Kh2 Re1 36. Bxc4+ Kf5 37. Bxf7 Rxe5 38. Bxg6+ Kf6 39. Rxe5 1-0


[Site "https://www.chess.com"]

[Event "Titled Tuesday Blitz December 27 Late 2022"]
[White "Petrovic, Aleksa"]
[Black "Kobo, Ori"]
[WhiteFideId "967629"]
[BlackFideId "2812320"]
[WhiteElo "2332"]
[BlackElo "2559"]
[Result "1/2-1/2"]
[Round "05"]
[TimeControl "180+2"]
[Date "2022.12.27"]
[WhiteClock "0:00:04"]
[BlackClock "0:00:04"]

1. d4 Nf6 2. c4 e6 3. Nf3 Bb4+ 4. Nbd2 O-O 5. g3 b6 6. Bg2 Bb7 7. O-O c5 8. dxc5 Bxc5 9. a3 Be7 10. Qc2 Qc7 11. b3 d6 12. Bb2 Nbd7 13. Rac1 Rac8 14. Rfd1 Rfe8 15. Qb1 Bf8 16. b4 h6 17. Nb3 Qb8 18. Nbd4 a6 19. Ba1 Qa8 20. b5 Be4 21. Qa2 Nc5 22. bxa6 Qxa6 23. Nb5 Red8 24. Bxf6 gxf6 25. Ne1 Qa8 26. Bxe4 Qxe4 27. Nd3 d5 28. cxd5 Rxd5 29. Nxc5 Rcxc5 30. a4 Rxc1 31. Rxc1 Bc5 32. Qc2 Qg4 33. Rd1 Rf5 34. e3 h5 35. Rd8+ Kg7 36. Nd6 Bxd6 37. Rxd6 h4 38. Rd4 Qf3 39. Rxh4 Rd5 40. Rd4 Rxd4 41. exd4 Qd5 42. Qd1 f5 43. f4 Qa2 44. d5 exd5 45. Qd4+ f6 46. Qxb6 Qxa4 47. Qc7+ Kg6 48. Qd8 Qd1+ 49. Kg2 Qe2+ 50. Kh3 Qg4+ 51. Kg2 Qe2+ 52. Kh3 Qh5+ 53. Kg2 Qe2+ 1/2-1/2


[Site "https://www.chess.com"]

[Event "Titled Tuesday Blitz December 27 Late 2022"]
[White "Pinheiro, Iung Alicio de O."]
[Black "Rian, Kapriaga"]
[WhiteFideId "2104350"]
[BlackFideId "7103263"]
[WhiteElo "2306"]
[BlackElo "2089"]
[Result "0-1"]
[Round "05"]
[TimeControl "180+2"]
[Date "2022.12.27"]
[WhiteClock "0:00:09"]
[BlackClock "0:00:04"]

1. d4 Nf6 2. Bf4 e6 3. e3 d5 4. Nd2 Bd6 5. Bg3 O-O 6. Bd3 c5 7. c3 Qc7 8. dxc5 Qxc5 9. Ngf3 Nbd7 10. e4 Qc7 11. Qe2 dxe4 12. Bxe4 Nc5 13. O-O-O h6 14. Bc2 Bxg3 15. hxg3 Bd7 16. Ne5 Bc6 17. g4 Rfd8 18. g5 hxg5 19. Rh2 Kf8 20. Re1 Ke7 21. b4 Nce4 22. Nxc6+ bxc6 23. Nxe4 Qxh2 24. Nc5 Qf4+ 25. Kb2 a5 26. Nxe6 fxe6 27. Qxe6+ Kf8 28. Bg6 Ra7 29. Rh1 Qd2+ 30. Kb1 Ng8 31. Bh7 Rf7 32. f3 Qxc3 33. Bg6 Qxb4+ 34. Ka1 Qc3+ 35. Kb1 Rb7+ 0-1


[Site "https://www.chess.com"]

[Event "Titled Tuesday Blitz December 27 Late 2022"]
[White "Poltorak, Sebastian"]
[Black "Albertini, Luca"]
[WhiteFideId "1199498"]
[BlackFideId "847038"]
[WhiteElo "2354"]
[BlackElo "2084"]
[Result "1-0"]
[Round "05"]
[TimeControl "180+2"]
[Date "2022.12.27"]
[WhiteClock "0:01:26"]
[BlackClock "0:00:28"]

1. d4 Nf6 2. c4 g6 3. Nc3 d6 4. e4 Bg7 5. f3 O-O 6. Nge2 Na6 7. Be3 c5 8. d5 e5 9. g4 Ne8 10. Ng3 f5 11. gxf5 gxf5 12. exf5 Bxf5 13. Nxf5 Rxf5 14. Bd3 Rh5 15. Qd2 Nb4 16. Be4 Bh6 17. Rg1+ Kh8 18. O-O-O Qh4 19. Bxh6 Rxh6 20. Qg2 Qf4+ 21. Kb1 Qf7 22. a3 Na6 23. Qg5 Rh5 24. Qg4 Nf6 25. Qe6 Qxe6 26. dxe6 Ne8 27. Nd5 Rh6 28. Ne7 Ng7 29. Rxg7 Kxg7 30. Nf5+ Kg6 31. Rg1+ Kh5 32. Nxh6 Kxh6 33. Bxb7 Re8 34. Bxa6 Rxe6 35. Bb7 Rf6 36. Be4 Rf4 37. b4 Rh4 38. Rg2 a6 39. Kb2 Rf4 40. Kc3 Rf7 41. b5 axb5 42. cxb5 Ra7 43. Kb3 Ra5 44. a4 c4+ 45. Kb4 Ra7 46. a5 c3 47. b6 c2 48. Rxc2 Rg7 49. b7 1-0


[Site "https://www.chess.com"]

[Event "Titled Tuesday Blitz December 27 Late 2022"]
[White "Popilski, Gil"]
[Black "Steinberg, Nitzan"]
[WhiteFideId "2809060"]
[BlackFideId "2801795"]
[WhiteElo "2443"]
[BlackElo "2546"]
[Result "1-0"]
[Round "05"]
[TimeControl "180+2"]
[Date "2022.12.27"]
[WhiteClock "0:00:16"]
[BlackClock "0:00:01"]

1. e4 e5 2. Nf3 Nc6 3. d4 exd4 4. Nxd4 Bb4+ 5. c3 Be7 6. Nxc6 bxc6 7. e5 d5 8. Bd3 Rb8 9. O-O h5 10. Nd2 Nh6 11. Nb3 c5 12. c4 c6 13. Bf4 Be6 14. Rc1 Rc8 15. Qc2 Qd7 16. cxd5 cxd5 17. Ba6 Rc7 18. Nd4 O-O 19. Bb5 Qc8 20. Bxh6 gxh6 21. f4 Bd8 22. Nxe6 Qxe6 23. Bd3 c4 24. Bf5 Qb6+ 25. Kh1 Be7 26. Qd1 d4 27. Qxh5 d3 28. e6 Rc5 29. Rf3 d2 30. Rd1 c3 31. bxc3 Qb2 32. Rg3+ Bg5 33. Rxg5+ hxg5 34. Qh7# 1-0


[Site "https://www.chess.com"]

[Event "Titled Tuesday Blitz December 27 Late 2022"]
[White "Potapova, Margarita"]
[Black "Sailer, Mike"]
[WhiteFideId "14126869"]
[BlackFideId "2012901"]
[WhiteElo "2104"]
[BlackElo "2109"]
[Result "1-0"]
[Round "05"]
[TimeControl "180+2"]
[Date "2022.12.27"]
[WhiteClock "0:01:57"]
[BlackClock "0:00:02"]

1. e4 d5 2. exd5 Qxd5 3. Nc3 Qd6 4. d4 Nf6 5. Nf3 c6 6. Ne5 Nbd7 7. Nc4 Qc7 8. Be2 Nb6 9. Ne5 Bf5 10. O-O e6 11. Bf4 Bd6 12. a4 a5 13. h3 h6 14. Bd3 Bxd3 15. Qxd3 O-O 16. Rfe1 Nbd5 17. Nxd5 cxd5 18. c3 Nd7 19. Qg3 Bxe5 20. Bxe5 Nxe5 21. Rxe5 Rae8 22. Rae1 Qc6 23. b3 Qd6 24. Qg4 Qb6 25. R5e3 Qxb3 26. Rg3 g6 27. h4 Qc2 28. Re5 Kg7 29. h5 g5 30. Rxg5+ hxg5 31. Qxg5+ 1-0


[Site "https://www.chess.com"]

[Event "Titled Tuesday Blitz December 27 Late 2022"]
[White "Preotu, Razvan"]
[Black "Suder, Jakub"]
[WhiteFideId "2613280"]
[BlackFideId "1195310"]
[WhiteElo "2475"]
[BlackElo "2244"]
[Result "1-0"]
[Round "05"]
[TimeControl "180+2"]
[Date "2022.12.27"]
[WhiteClock "0:00:03"]
[BlackClock "0:00:06"]

1. e4 c5 2. Nf3 Nc6 3. Bb5 Nf6 4. Nc3 Qc7 5. O-O Nd4 6. Re1 a6 7. Bf1 Ng4 8. g3 Nxf3+ 9. Qxf3 Ne5 10. Qe2 e6 11. Bg2 d6 12. Nd1 g5 13. b3 Bd7 14. Bb2 Rg8 15. Ne3 Bg7 16. Rad1 Bb5 17. c4 Bc6 18. d4 cxd4 19. Bxd4 O-O-O 20. b4 Ba4 21. Rd2 Kb8 22. b5 Qa5 23. Rb1 g4 24. bxa6 Qxa6 25. Rb6 Nf3+ 26. Bxf3 gxf3 27. Qxf3 Qa5 28. e5 Rd7 29. Rdb2 d5 30. cxd5 exd5 31. Qf5 Rc8 32. Qxd7 Bxd7 33. Rxb7+ Ka8 34. Rxd7 Bxe5 35. Bxe5 d4 36. Bxd4 Rc1+ 37. Kg2 Qd5+ 38. Nxd5 1-0


[Site "https://www.chess.com"]

[Event "Titled Tuesday Blitz December 27 Late 2022"]
[White "Prieto Aranguren, Alain"]
[Black "Urbina Perez, Juan Antonio"]
[WhiteFideId "2268906"]
[BlackFideId "2217368"]
[WhiteElo "2258"]
[BlackElo "2266"]
[Result "1-0"]
[Round "05"]
[TimeControl "180+2"]
[Date "2022.12.27"]
[WhiteClock "0:01:24"]
[BlackClock "0:00:50"]

1. e4 c5 2. Nf3 d6 3. Bb5+ Bd7 4. Bxd7+ Nxd7 5. O-O Ngf6 6. Re1 e6 7. c4 Be7 8. Nc3 O-O 9. d3 Rb8 10. a4 a6 11. h3 Ne5 12. b3 Nc6 13. Bb2 e5 14. Nh4 Ne8 15. Nf5 Bg5 16. Nd5 g6 17. Nfe3 Bxe3 18. Rxe3 Nc7 19. f4 f6 20. f5 Nxd5 21. cxd5 Nd4 22. Bxd4 cxd4 23. Rg3 Kf7 24. Qg4 Rg8 25. fxg6+ hxg6 26. Qe6+ Kg7 27. Rf1 Rf8 28. Qf5 Qe8 29. Rff3 Rc8 30. Kh2 g5 31. Rg4 Qg6 32. Qe6 Rcd8 33. h4 Rh8 34. Qe7+ Kh6 35. Rxf6 1-0


[Site "https://www.chess.com"]

[Event "Titled Tuesday Blitz December 27 Late 2022"]
[White "Ptacnikova, Lenka"]
[Black "Balague Camps, Marc"]
[WhiteFideId "305650"]
[BlackFideId "2297914"]
[WhiteElo "2099"]
[BlackElo "2190"]
[Result "1-0"]
[Round "05"]
[TimeControl "180+2"]
[Date "2022.12.27"]
[WhiteClock "0:00:05"]
[BlackClock "0:00:02"]

1. d4 Nf6 2. Nc3 d5 3. Bf4 Bf5 4. e3 c6 5. f3 Nh5 6. Bxb8 Qxb8 7. g4 Ng3 8. hxg3 Qxg3+ 9. Kd2 Bg6 10. Qe1 Qd6 11. a3 e5 12. Rd1 b5 13. Kc1 a5 14. Nb1 f6 15. Ne2 Be7 16. Ng3 b4 17. a4 b3 18. cxb3 Qb8 19. Bd3 Kf7 20. Bxg6+ hxg6 21. Rxh8 Qxh8 22. Nd2 Bb4 23. Qf2 Qb8 24. Ngf1 c5 25. e4 cxd4 26. exd5 Ra7 27. Nc4 Qd8 28. Ng3 Qxd5 29. Ne4 Rc7 30. Kb1 Rc6 31. Qe2 Be7 32. Qd3 f5 33. Nf2 Rf6 34. Re1 fxg4 35. Nxe5+ Kg8 36. Nfxg4 Rf4 37. Nxg6 Bb4 38. Nxf4 Qg5 39. Re4 Bd6 40. Ne2 Bc5 41. Nxd4 Qh4 42. Ne2 Bf8 43. Qd5+ Kh8 44. Qxa5 Qh1+ 45. Ka2 Qxf3 46. Qd5 Kh7 47. Qh5+ Kg8 48. Qe5 Qf7 49. Qe6 1-0


[Site "https://www.chess.com"]

[Event "Titled Tuesday Blitz December 27 Late 2022"]
[White "Putnam, Liam"]
[Black "Bortnyk, Olexandr"]
[WhiteFideId "30938279"]
[BlackFideId "14120828"]
[WhiteElo "2285"]
[BlackElo "2605"]
[Result "0-1"]
[Round "05"]
[TimeControl "180+2"]
[Date "2022.12.27"]
[WhiteClock "0:00:01"]
[BlackClock "0:00:21"]

1. e4 Nf6 2. e5 Nd5 3. d4 d6 4. Nf3 dxe5 5. Nxe5 c6 6. Bd3 Nd7 7. Nf3 N7f6 8. O-O Nb4 9. Re1 Nxd3 10. Qxd3 Bg4 11. Ne5 e6 12. Qb3 Qb6 13. Nxg4 Nxg4 14. Qf3 Nf6 15. c3 Be7 16. Nd2 O-O 17. Nc4 Qb5 18. Ne5 Rad8 19. a4 Qb3 20. a5 a6 21. Nd3 Nd5 22. h3 Rfe8 23. Bd2 Bd6 24. Qd1 Qxd1 25. Raxd1 f6 26. c4 Nc7 27. Bc3 Kf7 28. g3 Rd7 29. Kg2 Red8 30. Re2 Bf8 31. Rde1 e5 32. b4 Ne6 33. Rxe5 fxe5 34. Nxe5+ Ke8 35. Nxd7 Kxd7 36. Re4 g6 37. f4 Bg7 38. Kf3 c5 39. bxc5 Nxc5 40. Re3 Na4 41. Ba1 Rc8 42. c5 Nxc5 43. d5 Bxa1 0-1


[Site "https://www.chess.com"]

[Event "Titled Tuesday Blitz December 27 Late 2022"]
[White "Quinones Garcia, Santiago"]
[Black "Garcia, Gabriel Gonzaga"]
[WhiteFideId "4408497"]
[BlackFideId "2138956"]
[WhiteElo "2248"]
[BlackElo "2091"]
[Result "0-1"]
[Round "05"]
[TimeControl "180+2"]
[Date "2022.12.27"]
[WhiteClock "0:01:35"]
[BlackClock "0:01:15"]

1. d4 Nf6 2. c4 e6 3. Nc3 Bb4 4. Qc2 c5 5. dxc5 Qa5 6. a3 Nc6 7. Bd2 Bxc3 8. Bxc3 Qxc5 9. Nf3 Qxc4 10. e3 Qg4 11. h3 Qg6 12. Bd3 Qxg2 13. Ke2 Nh5 14. Rhg1 Ng3+ 15. Ke1 Qxf3 16. Rxg3 Qh1+ 17. Bf1 b6 18. Bxg7 Rg8 19. Rd1 Ba6 20. Kd2 Bxf1 21. Kc1 f5 22. Qd2 Rd8 23. Bf6 Rxg3 24. fxg3 Ne7 25. Qd6 Rc8+ 26. Kb1 Nd5 27. Rxd5 Bd3+ 28. Ka2 Qb1+ 29. Kb3 Qc2+ 30. Ka2 Bc4+ 0-1


[Site "https://www.chess.com"]

[Event "Titled Tuesday Blitz December 27 Late 2022"]
[White "Remolar Gallen, Jose"]
[Black "Fishbein, Alexander"]
[WhiteFideId "2215187"]
[BlackFideId "2000377"]
[WhiteElo "2285"]
[BlackElo "2366"]
[Result "1-0"]
[Round "05"]
[TimeControl "180+2"]
[Date "2022.12.27"]
[WhiteClock "0:00:31"]
[BlackClock "0:00:10"]

1. d4 Nf6 2. c4 e6 3. Nc3 d5 4. cxd5 exd5 5. Bg5 c6 6. e3 Be6 7. Bd3 Nbd7 8. Nge2 h6 9. Bh4 Be7 10. Nf4 Bg4 11. f3 g5 12. Bf2 gxf4 13. fxg4 fxe3 14. Bxe3 Rg8 15. h3 h5 16. g5 Ne4 17. Bxe4 dxe4 18. h4 Qb6 19. O-O Qxb2 20. Nxe4 O-O-O 21. Rxf7 Ba3 22. Rb1 Qxa2 23. Rb3 Nb6 24. Nc3 Qxb3 25. Qxb3 Bd6 26. Na4 Bc7 27. Nc5 Rge8 28. g6 Bg3 29. g7 Rxd4 30. Bxd4 Re1+ 31. Rf1 1-0


[Site "https://www.chess.com"]

[Event "Titled Tuesday Blitz December 27 Late 2022"]
[White "Rodriguez Fontecha, Marcos"]
[Black "Korchmar, Vasiliy"]
[WhiteFideId "2256576"]
[BlackFideId "24131750"]
[WhiteElo "2309"]
[BlackElo "2438"]
[Result "0-1"]
[Round "05"]
[TimeControl "180+2"]
[Date "2022.12.27"]
[WhiteClock "0:00:06"]
[BlackClock "0:00:06"]

1. d4 Nf6 2. Nf3 d5 3. c3 g6 4. Bg5 Bg7 5. Nbd2 O-O 6. b4 Nbd7 7. e3 Re8 8. Be2 e5 9. O-O h6 10. Bh4 c6 11. Qb3 e4 12. Ne1 g5 13. Bg3 h5 14. h3 Nf8 15. c4 Ng6 16. b5 h4 17. Bh2 g4 18. hxg4 Nxg4 19. Bxg4 Bxg4 20. f3 exf3 21. Nexf3 h3 22. Rf2 Qd7 23. bxc6 bxc6 24. cxd5 cxd5 25. Raf1 hxg2 26. Re1 Bh3 27. Ng5 Bxd4 28. Rxf7 Qc6 29. Re7 Rxe7 30. Nxh3 Rae8 31. Kxg2 Rxe3 32. Rxe3 Rxe3 33. Qb8+ Qe8 34. Qxe8+ Rxe8 35. Nb3 Bb6 36. Kf3 Re3+ 37. Kg4 Ne5+ 38. Kf5 Rxh3 39. Bxe5 Rf3+ 40. Ke6 Rf2 41. a4 Rf3 42. Nd4 Ra3 43. Kxd5 Rxa4 44. Nc6 Ra2 45. Bb8 Kf7 46. Kc4 Ke6 47. Nb4 Ra1 48. Kb5 Kd7 49. Be5 Ra5+ 50. Kc4 Rxe5 0-1


[Site "https://www.chess.com"]

[Event "Titled Tuesday Blitz December 27 Late 2022"]
[White "Rosen, Eric"]
[Black "Holt, Conrad"]
[WhiteFideId "2032562"]
[BlackFideId "2034387"]
[WhiteElo "2349"]
[BlackElo "2540"]
[Result "1/2-1/2"]
[Round "05"]
[TimeControl "180+2"]
[Date "2022.12.27"]
[WhiteClock "0:00:04"]
[BlackClock "0:00:07"]

1. d4 d5 2. Bf4 c5 3. e3 Nc6 4. Nf3 Bg4 5. Nbd2 e6 6. c3 Bd6 7. Qa4 Bxf4 8. exf4 Bxf3 9. Nxf3 Qb6 10. Bb5 Ne7 11. dxc5 Qxc5 12. O-O O-O 13. Rad1 Rac8 14. g3 Nf5 15. Bd3 Nd6 16. Rfe1 g6 17. Ne5 b5 18. Qb3 Nxe5 19. fxe5 Nc4 20. h4 a5 21. Qc2 b4 22. h5 bxc3 23. Qxc3 Qb6 24. Bxc4 Rxc4 25. Qd2 Rg4 26. Kg2 gxh5 27. Rh1 d4 28. Rxh5 Qc6+ 29. f3 f6 30. Rc1 Qd5 31. Qh6 Qb7 32. exf6 Rg6 33. Rg5 Rxf6 34. Rxg6+ hxg6 35. Rf1 Qxb2+ 36. Rf2 Qc3 37. Qg5 d3 38. g4 Qd4 39. Kg3 Qd6+ 40. Kg2 Qf4 41. Qxf4 Rxf4 42. Rd2 Ra4 43. Kg3 Kf7 44. Rxd3 Rxa2 45. Rd7+ Kf6 46. f4 g5 47. fxg5+ Kxg5 48. Rg7+ Kf6 49. Ra7 Ra3+ 50. Kf4 e5+ 51. Ke4 Ra4+ 52. Kd5 Rd4+ 53. Kc5 a4 54. Ra6+ Kg5 55. Re6 Kf4 56. g5 Rd7 57. g6 Ra7 58. Rf6+ Ke3 59. Rf7 Ra6 60. g7 Rg6 61. Kb4 e4 62. Kxa4 Kd2 63. Rd7+ Ke2 64. Kb3 e3 65. Kc3 Kf2 66. Rf7+ Ke1 67. Kd3 e2 68. Re7 Rg3+ 69. Re3 Rxe3+ 70. Kxe3 Kf1 71. g8=Q e1=Q+ 72. Kd3 Qd1+ 73. Kc3 Qc1+ 74. Kb3 Qb1+ 75. Ka3 Qa1+ 76. Qa2 Qc3+ 77. Qb3 Qa1+ 78. Qa2 Qc3+ 79. Ka4 Qd4+ 80. Ka3 Qa7+ 81. Kb2 Qd4+ 82. Kb3 Qd5+ 83. Ka3 Qc5+ 84. Kb2 Qf2+ 85. Kb1 Qe1+ 86. Kb2 Qd2+ 87. Ka3 Qc3+ 1/2-1/2


[Site "https://www.chess.com"]

[Event "Titled Tuesday Blitz December 27 Late 2022"]
[White "Rustemov, Alexander"]
[Black "Djokic, Mihailo"]
[WhiteFideId "4119002"]
[BlackFideId "976440"]
[WhiteElo "2525"]
[BlackElo "2192"]
[Result "1-0"]
[Round "05"]
[TimeControl "180+2"]
[Date "2022.12.27"]
[WhiteClock "0:01:21"]
[BlackClock "0:00:02"]

1. d4 Nf6 2. c4 e6 3. Nf3 d5 4. Bg5 Be7 5. e3 a6 6. cxd5 exd5 7. Nc3 O-O 8. Qc2 h6 9. Bh4 Be6 10. Bd3 Nbd7 11. O-O c5 12. dxc5 Nxc5 13. Rfd1 Rc8 14. Qe2 Nxd3 15. Rxd3 Qa5 16. Rad1 Rfd8 17. Nd4 Bg4 18. f3 Bh5 19. Nf5 Qc5 20. Nxe7+ Qxe7 21. Nxd5 Rxd5 22. Rxd5 g5 23. Bxg5 hxg5 24. Rxg5+ Bg6 25. h4 Kh7 26. e4 Rc5 27. Rxc5 Qxc5+ 28. Qf2 Qa5 29. g4 Kg7 30. h5 Bh7 31. Qd2 Qe5 32. Kg2 Nxe4 33. fxe4 Bxe4+ 34. Kh3 Qe6 35. Qd4+ Kh7 36. Rf1 1-0


[Site "https://www.chess.com"]

[Event "Titled Tuesday Blitz December 27 Late 2022"]
[White "Sadilek, Peter"]
[Black "Wieczorek, Zbigniew"]
[WhiteFideId "1616439"]
[BlackFideId "1102001"]
[WhiteElo "2314"]
[BlackElo "2150"]
[Result "1-0"]
[Round "05"]
[TimeControl "180+2"]
[Date "2022.12.27"]
[WhiteClock "0:00:45"]
[BlackClock "0:00:03"]

1. d4 Nf6 2. Nf3 g6 3. Bg5 Ne4 4. Bf4 d6 5. Nbd2 Nxd2 6. Qxd2 Nd7 7. O-O-O c6 8. Kb1 Nf6 9. h3 Ne4 10. Qe3 f5 11. Ng5 Bg7 12. Nxe4 fxe4 13. Qxe4 O-O 14. g4 Qb6 15. Be3 Qc7 16. Bg2 d5 17. Qd3 e5 18. dxe5 Qxe5 19. Qb3 Qe7 20. Bf3 Be6 21. Bd4 Rf4 22. Bxg7 Qxg7 23. Qe3 Qf6 24. g5 Qf7 25. Rd4 Rf5 26. Bg4 Re8 27. Bxf5 Bxf5 28. Qd2 Qe6 29. Re1 Be4 30. f3 c5 31. Ra4 Bf5 32. e4 dxe4 33. fxe4 Bxh3 34. Rxa7 Qc6 35. a3 Be6 36. Qc3 Bf7 37. Ra5 b6 38. Ra7 Qe6 39. b3 Qd6 40. e5 Qe6 41. Rf1 Qd5 42. Rfxf7 1-0


[Site "https://www.chess.com"]

[Event "Titled Tuesday Blitz December 27 Late 2022"]
[White "Sanchez, Robert"]
[Black "Sukandar, Irine Kharisma"]
[WhiteFideId "2034360"]
[BlackFideId "7101937"]
[WhiteElo "1966"]
[BlackElo "2390"]
[Result "0-1"]
[Round "05"]
[TimeControl "180+2"]
[Date "2022.12.27"]
[WhiteClock "0:01:26"]
[BlackClock "0:01:33"]

1. e4 e5 2. Nf3 d6 3. Bc4 Be7 4. c3 Nf6 5. d3 O-O 6. h3 a6 7. O-O Nc6 8. Re1 Na5 9. Nbd2 Nxc4 10. Nxc4 h6 11. a4 Be6 12. Ne3 Re8 13. Qc2 Bf8 14. d4 exd4 15. Nxd4 Bd7 16. f3 d5 17. Nef5 c5 18. Bxh6 cxd4 19. Bg5 dxe4 20. fxe4 Bxf5 21. exf5 d3 22. Qd2 Qb6+ 23. Be3 0-1


[Site "https://www.chess.com"]

[Event "Titled Tuesday Blitz December 27 Late 2022"]
[White "Sarkar, Justin"]
[Black "Kovacevic, Radmila"]
[WhiteFideId "2010011"]
[BlackFideId "933171"]
[WhiteElo "2309"]
[BlackElo "2106"]
[Result "1-0"]
[Round "05"]
[TimeControl "180+2"]
[Date "2022.12.27"]
[WhiteClock "0:00:02"]
[BlackClock "0:00:24"]

1. e4 e5 2. Nf3 f5 3. exf5 e4 4. Ne5 Nf6 5. d4 d6 6. Nc4 Bxf5 7. Be2 Be7 8. O-O O-O 9. Ne3 Bg6 10. f4 exf3 11. Bxf3 d5 12. c4 dxc4 13. Bxb7 Nbd7 14. Bxa8 Qxa8 15. Nxc4 Be4 16. Qe2 Qd5 17. Nc3 Qxd4+ 18. Be3 Qd3 19. Rad1 Qxe2 20. Nxe2 Nb6 21. Ne5 Bd6 22. Nf3 Nbd5 23. Bd4 Ng4 24. Nc3 Bc2 25. Rd2 Nxc3 26. Rxc2 Nd5 27. Re2 Nf4 28. Re4 c5 29. Bc3 h6 30. Rd1 Rd8 31. Rxf4 Ne3 32. Rd2 Bxf4 33. Rxd8+ Kf7 34. Rd7+ Ke6 35. Rxg7 Nd1 36. Rg6+ Kd5 37. Rg7 c4 38. Rd7+ Bd6 39. Rf7 Bc5+ 40. Kf1 Ne3+ 41. Ke2 Nxg2 42. Rf5+ Kc6 43. Rxc5+ Kxc5 44. Bd4+ Kb4 45. Bxa7 Nf4+ 46. Ke3 Nd3 47. Bd4 Nc1 48. Bc3+ Kc5 49. a4 Nd3 50. a5 Kb5 51. Ne5 Nc1 52. h4 h5 53. Ng6 Na2 54. Nf4 Nxc3 55. bxc3 Kxa5 56. Nxh5 Ka4 57. Nf6 Kb3 58. Nd5 Kc2 59. Kd4 Kd1 60. h5 Ke2 61. Kxc4 Kd1 62. h6 1-0


[Site "https://www.chess.com"]

[Event "Titled Tuesday Blitz December 27 Late 2022"]
[White "Schmidt, Harald"]
[Black "Slade, Theodore"]
[WhiteFideId "4648358"]
[BlackFideId "426547"]
[WhiteElo "2347"]
[BlackElo "1995"]
[Result "1/2-1/2"]
[Round "05"]
[TimeControl "180+2"]
[Date "2022.12.27"]
[WhiteClock "0:00:47"]
[BlackClock "0:00:08"]

1. e4 e5 2. Nf3 Nc6 3. Nc3 Nf6 4. Be2 d5 5. exd5 Nxd5 6. O-O Be7 7. Re1 O-O 8. Bb5 f6 9. Bc4 Be6 10. d4 Kh8 11. Nxd5 Bxd5 12. Bxd5 Qxd5 13. dxe5 Qxd1 14. Rxd1 fxe5 15. Be3 Rad8 16. c3 a5 17. a4 Kg8 18. Ng5 Bxg5 19. Bxg5 Rd6 20. Rxd6 cxd6 21. Rd1 h6 22. Be3 Rd8 23. Bb6 Rd7 24. Rd5 Kf7 25. Bxa5 Ke6 26. Rb5 d5 27. Kf1 d4 28. Ke2 d3+ 29. Kd2 e4 30. Bb6 Ne5 31. b3 Rf7 32. h3 Rf5 33. Bd4 Nc6 34. Rxf5 Kxf5 35. b4 Ke6 36. a5 g6 37. f3 Kd5 38. fxe4+ Kxe4 39. Bb6 Ne5 40. Kd1 Nc4 41. Bf2 Nb2+ 42. Kd2 Nc4+ 43. Kd1 Nb2+ 44. Kd2 Nc4+ 45. Kd1 1/2-1/2


[Site "https://www.chess.com"]

[Event "Titled Tuesday Blitz December 27 Late 2022"]
[White "Silva, Miguel Antonio Neto"]
[Black "Shapiro, Daniel"]
[WhiteFideId "1911929"]
[BlackFideId "2001780"]
[WhiteElo "2204"]
[BlackElo "2284"]
[Result "0-1"]
[Round "05"]
[TimeControl "180+2"]
[Date "2022.12.27"]
[WhiteClock "0:00:04"]
[BlackClock "0:00:08"]

1. e4 e5 2. Nf3 Nc6 3. Bb5 a6 4. Ba4 Nf6 5. d3 b5 6. Bb3 Bb7 7. c3 Bd6 8. Nbd2 O-O 9. Nf1 Re8 10. Ng3 h6 11. Nf5 Bf8 12. O-O Na5 13. Bc2 c5 14. Re1 d5 15. Qe2 d4 16. Bd2 Nc6 17. h3 Qd7 18. Nh2 Rad8 19. Rad1 Kh7 20. Qf3 Re6 21. g4 c4 22. dxc4 bxc4 23. Ba4 Qc7 24. h4 g6 25. Ng3 Bg7 26. g5 Ng8 27. Bc1 Rf8 28. b3 f6 29. gxh6 Nxh6 30. h5 f5 31. hxg6+ Rxg6 32. exf5 Rxf5 33. Qg2 e4 34. cxd4 Nb4 35. Be3 Nd3 36. bxc4 Nf4 37. Qf1 Nh5 38. Qh3 Nxg3 39. fxg3 Rxg3+ 40. Kh1 Rxh3 41. Rg1 Rhf3 42. Nxf3 exf3 43. Rdf1 Rh5# 0-1


[Site "https://www.chess.com"]

[Event "Titled Tuesday Blitz December 27 Late 2022"]
[White "Skvortsov, Andrei"]
[Black "Vasquez Schroeder, Rodrigo"]
[WhiteFideId "24108600"]
[BlackFideId "3400042"]
[WhiteElo "2313"]
[BlackElo "2524"]
[Result "0-1"]
[Round "05"]
[TimeControl "180+2"]
[Date "2022.12.27"]
[WhiteClock "0:00:10"]
[BlackClock "0:01:36"]

1. e4 c5 2. Ne2 Nc6 3. Nbc3 Nf6 4. d4 cxd4 5. Nxd4 e5 6. Ndb5 d6 7. Nd5 Nxd5 8. exd5 Ne7 9. c4 Nf5 10. Bd3 g6 11. Bg5 Qxg5 12. Nc7+ Ke7 13. Nxa8 Qxg2 14. Rf1 Nd4 15. Qa4 Qf3 16. Rd1 e4 17. c5 exd3 18. cxd6+ Kd8 19. Kd2 Qf4+ 20. Kc3 Ne2+ 21. Kb3 Qxa4+ 22. Kxa4 Bxd6 23. Rxd3 Bd7+ 24. Ka5 Nf4 25. Rc3 Nxd5 26. Rb3 Bc6 27. Rc1 Kd7 0-1


[Site "https://www.chess.com"]

[Event "Titled Tuesday Blitz December 27 Late 2022"]
[White "Solon, Nathan"]
[Black "Yanchenko, Roman"]
[WhiteFideId "2017229"]
[BlackFideId "4137329"]
[WhiteElo "2306"]
[BlackElo "2466"]
[Result "1-0"]
[Round "05"]
[TimeControl "180+2"]
[Date "2022.12.27"]
[WhiteClock "0:00:08"]
[BlackClock "0:00:08"]

1. Nf3 d5 2. g3 Nf6 3. Bg2 Bf5 4. O-O e6 5. c4 c6 6. Qb3 Qb6 7. d3 Nbd7 8. cxd5 Qxb3 9. axb3 cxd5 10. Nc3 Bc5 11. d4 Bb6 12. Nb5 O-O 13. Nd6 Be4 14. Nxb7 Bxf3 15. Bxf3 Bxd4 16. e3 Be5 17. Ra2 Rfb8 18. Na5 Rb6 19. Bd2 Nc5 20. Rfa1 g6 21. b4 Nd3 22. Be2 Ne4 23. Bxd3 Nxd2 24. Rd1 Ne4 25. Bxe4 dxe4 26. Nc4 Rb5 27. Rd7 a6 28. Ra5 Rxa5 29. bxa5 Bf6 30. b3 Kf8 31. Nd6 Be7 32. Nxe4 Rb8 33. Ra7 Rxb3 34. Rxa6 Ra3 35. Ra7 f5 36. Nd2 Ra1+ 37. Kg2 Ra2 38. Nc4 Bc5 39. Rxh7 Ra4 40. Ne5 Rxa5 41. Nxg6+ Kg8 42. Rb7 Bd6 43. Rb6 Rd5 44. h4 Kf7 45. h5 Rd1 46. Rb7+ Kf6 47. Nh4 Kg5 48. Rh7 e5 49. Nf3+ Kf6 50. Rh6+ Kg7 51. Rg6+ Kh8 52. Nh4 f4 53. gxf4 exf4 54. e4 Rd3 55. Nf5 Be5 56. Re6 f3+ 57. Kh3 Bc3 58. Re8+ Kh7 59. Re7+ Kh8 60. Kg4 Be1 61. Re8+ Kh7 62. Re7+ Kh8 63. Nh4 Rd6 64. Kxf3 Rf6+ 65. Nf5 Bb4 66. Rb7 Bc5 67. Ke2 Re6 68. f3 Ra6 69. Rb8+ Kh7 70. Rb7+ Kh8 71. Kd3 Ba3 72. Rb8+ Kh7 73. Rb7+ Kh8 74. h6 Bc1 75. e5 Bf4 76. Ke4 Ra4+ 77. Nd4 Bxh6 78. e6 Kg8 79. f4 Bg7 80. Rd7 Bf6 81. f5 Rb4 82. Ke3 Bxd4+ 83. Rxd4 Rb1 84. Ke4 Kg7 85. Ke5 Re1+ 86. Re4 Rf1 87. Rg4+ Kf8 88. Kf6 Rh1 89. Rg6 Rh5 90. e7+ Ke8 91. Rg8+ Kd7 92. e8=Q+ Kc7 93. Qxh5 1-0


[Site "https://www.chess.com"]